 Dungeon Crawl Stone Soup version 0.25-a0-1133-g93ebf739aa (webtiles) character file.

Game seed: 10871530303874769067, levelgen mode: deterministic

129 Flugslaktarn the Shield-Bearer (level 5, -1/49 HPs)
             Began as a Gargoyle Fighter on May 20, 2020.
             Killed by divine providence
             ... invoked by an orc priest
              (15 damage)
             ... on level 4 of the Dungeon.
             The game lasted 00:05:10 (1020 turns).

Flugslaktarn the Shield-Bearer (Gargoyle Fighter)   Turns: 1020, Time: 00:05:10

Health: -1/49      AC: 22    Str: 17 (20) XL:     5   Next: 12%
Magic:  5/5        EV:  2    Int:  6 (9)  God:
Gold:   169        SH:  0    Dex:  8 (9)  Spells: 4/4 levels left

rFire    . . .     SeeInvis .   a - +0 war axe
rCold    . . .     Gourm    .   c - +0 kite shield
rNeg     + + +     Faith    .   (armour currently unavailable)
rPois    ∞         Spirit   .   (helmet currently unavailable)
rElec    .         Reflect  .   (cloak currently unavailable)
rCorr    .         Harm     .   (gloves currently unavailable)
MR       .....     NoTele   +   (boots currently unavailable)
Stlth    +.........             (no amulet)
HPRegen  0.16/turn              (no ring)
MPRegen  0.09/turn              (no ring)

@: confused, tree-form, berserk cooldown, stab, slowed, very slow
A: negative energy resistance 1, petrification resistance, rot immunity, AC +4
a: no special abilities


You were on level 4 of the Dungeon.
You were not hungry.
You were a tree.
You visited 1 branch of the dungeon, and saw 4 of its levels.

You collected 169 gold pieces.

Inventory:

Hand Weapons
 a - a +0 war axe (weapon)
Missiles
 k - 2 boomerangs
 o - 3 silver boomerangs (quivered)
Armour
 b - a +0 scale mail (melded)
 c - a +0 kite shield (worn)
Scrolls
 i - a scroll of blinking {unknown}
 j - a scroll of magic mapping {unknown}
 n - a scroll of immolation
 p - a scroll of teleportation {unknown}
 x - a scroll of remove curse
Potions
 d - 2 potions of might
 f - a potion of degeneration
 g - 2 potions of lignification
 q - a potion of cancellation {unknown}
Comestibles
 e - 2 rations


   Skills:
 + Level 4.0 Fighting
 * Level 3.2 Axes
 + Level 4.0 Armour
 + Level 4.0 Shields


You had 4 spell levels left.
You didn't know any spells.
Your spell library was empty.

Dungeon Overview and Level Annotations

Branches:
Dungeon (4/15)
 Temple: D:4-7

Altars:
Dithmenos


Innate Abilities, Weirdness & Mutations

You are resistant to torment.
((Your stone body is resilient. (AC +4)))
You are immune to poison.
You resist negative energy. (rN+)
((You are resistant to electric shocks. (rElec)))
((You can survive without breathing.))
You are immune to petrification.
You are immune to rotting.


Message History

The orc priest hits you but does no damage.
The orc throws a boomerang.
The boomerang hits you but does no damage.
The weapon returns to the orc!
You nearly hit yourself!
Something completely misses you.
The orc priest hits you but does no damage.
Your shield prevents you from hitting the orc.
You closely miss something. You barely miss the orc priest.
You hear some strange, mumbled words.
You are more confused.
The orc hits you but does no damage.
You closely miss the orc priest.
The orc priest is heavily wounded.
You closely miss the orc. You miss something.
You are no longer berserk.
You are exhausted.
You feel yourself slow down.
The orc priest invokes the aid of Beogh against you.
Beogh smites you!
You die...

...............
#.........
...[....o...#
#..#.#####
.!..........#
#........#
............#
#....###.#
#####....#### #..<..##
# #....# #......#.#
#....# #.#......#
#....#######+#+#.....##
#....o♣..............+
#....{o..............#
#....................#
####.................#
.....................#
......#######'#+#.....#
.......# #.# ......#
######## #.# #.#####
#.# ..


You could see an orc priest and an orc.

Vanquished Creatures
  An orc wizard (D:3)
  3 adders
  A worm (D:3)
  A dart slug (D:1)
  A leopard gecko (D:1)
  11 orcs
  A ball python (D:3)
  3 giant cockroaches
  3 goblins (D:1)
  8 hobgoblins
  4 jackals (D:2)
  A quokka (D:2)
  7 bats
  A frilled lizard (D:2)
  4 kobolds
  2 rats
52 creatures vanquished.

Notes
Turn   | Place    | Note
-------+----------+-------------------------------------------
     0 | D:1      | Flugslaktarn the Gargoyle Fighter began the quest for the
                  | Orb.
     0 | D:1      | Reached XP level 1. HP: 14/14 MP: 1/1
    98 | D:1      | Reached XP level 2. HP: 10/19 MP: 2/2
   276 | D:2      | Reached XP level 3. HP: 17/23 MP: 3/3
   350 | D:2      | Found a shadowy altar of Dithmenos.
   656 | D:3      | Reached XP level 4. HP: 23/29 MP: 4/4
   909 | D:3      | Reached XP level 5. HP: 15/33 MP: 5/5
  1020 | D:4      | Killed from afar by an orc priest

Illustrated notes

Levels and vault maps discovered:
D:1:      sevenhm_arrival_forest_fort_small_6, layout_rooms
D:2:      layout_loops_ring, minivault_26,
          nicolae_dithmenos_through_a_glass_darkly
D:3:      layout_basic, chequers_ecumenical_altar_simple
D:4:      layout_basic

Skill      XL: |  1  2  3  4 |
---------------+-------------+-----
Axes           | 2 3 |  3.2
Fighting       | 4 |  4.0
Armour         | 4 |  4.0
Shields        | 4 |  4.0

Action                   |  1- 3 |  4- 6 || total
-------------------------+-------+-------++-------
Melee: War axe           |   112 |    55 ||   167
Throw: Boomerang         |       |     6 ||     6
  Use: Scroll            |     1 |     1 ||     2
       Potion            |       |     4 ||     4
  Eat: Ration            |       |     1 ||     1
Armor: Scale mail        |   115 |    55 ||   170
       Skin              |       |    13 ||    13
Dodge: Dodged            |    66 |    44 ||   110
Block: Kite shield       |   106 |    47 ||   153

Table legend:
 A = Non-vault XP
 B = Vault XP
 C = Vault XP percentage of total XP
 D = Non-vault monster count
 E = Vault monster count
 F = Vault count percentage of total count
                 A         B        C        D         E       F
            +---------+---------+-------+---------+---------+-------
      Total |     185 |       0 |   0.0 |      52 |       0 |   0.0
            +---------+---------+-------+---------+---------+-------
        D:1 |      37 |       0 |   0.0 |      19 |       0 |   0.0
        D:2 |      33 |       0 |   0.0 |      13 |       0 |   0.0
        D:3 |     112 |       0 |   0.0 |      19 |       0 |   0.0
        D:4 |       3 |       0 |   0.0 |       1 |       0 |   0.0
            +---------+---------+-------+---------+---------+-------
